 Dungeon Crawl Stone Soup version 0.17-a0-1468-gbf503c2 (webtiles) character file.

1003 pulse the Chopper (level 8, -2/62 HPs)
             Began as a Formicid Berserker on July 1, 2015.
             Was an Elder of Trog.
             Slain by an ice beast (21 damage)
             ... on level 4 of the Dungeon.
             The game lasted 00:10:04 (6440 turns).

pulse the Chopper (Formicid Berserker)              Turns: 6440, Time: 00:10:04

Health: -2/62      AC: 10    Str: 23    XL:     8   Next: 43%
Magic:  8/8        EV:  8    Int:  8    God:    Trog [****..]
Gold:   231        SH:  0    Dex: 10    Spells: 0 memorised, 7 levels left

rFire  + . .     SeeInvis +     m - +0 hand axe (venom)
rCold  x . .     Clarity  .     p - +0 chain mail (curse)
rNeg   + . .     SustAt   .     (no shield)
rPois  .         Gourm    .     (helmet unavailable)
rElec  .         Spirit   .     (no cloak)
rCorr  .         Warding  +     (no gloves)
rMut   .         Stasis   +     (no boots)
MR     .....                    j - amulet of warding
Stlth  ..........               (no ring)
                                e - ring of fire

@: not resistant to hostile enchantments, extremely unstealthy
A: permanent stasis, dig shafts and tunnels, four strong arms, antennae 3
a: Dig, Shaft Self, Burn Spellbooks, Trog's Hand, Brothers in Arms, Renounce
Religion


You were on level 4 of the Dungeon.
You worshipped Trog.
Trog was greatly pleased with you.
You were very hungry.

You visited 1 branch of the dungeon, and saw 5 of its levels.

You collected 231 gold pieces.

Inventory:

Hand weapons
 m - a +0 hand axe of venom (weapon)
Armour
 p - a cursed +0 chain mail (worn)
 u - the +0 leather armour of Leaves {+Inv Str+3 Slay+3, unknown}
   (You found it on level 5 of the Dungeon)

   It affects your strength (+3).
   It affects your accuracy and damage with ranged weapons and melee attacks
   (+3).
   It lets you turn invisible.
Jewellery
 e - a ring of fire (left hand)
 h - an uncursed amulet of the gourmand
 j - an amulet of warding (around neck)
 r - a cursed -2 ring of dexterity {unknown}
Scrolls
 a - 2 scrolls of amnesia {unknown}
 b - a scroll of enchant weapon {unknown}
 d - a scroll of immolation {unknown}
 f - a scroll of fog {unknown}
 g - 5 scrolls of identify
 k - 2 scrolls of magic mapping {unknown}
 l - a scroll of teleportation {unknown}
 n - a scroll of noise {unknown}
 q - a scroll of blinking {unknown}
Potions
 s - a potion of haste {unknown}
 t - a potion of flight
Comestibles
 c - 2 bread rations
 o - 2 meat rations
 v - 2 chunks of flesh


   Skills:
 + Level 5.3 Fighting
 * Level 7.5 Axes
 + Level 5.7 Armour
 - Level 1.7 Dodging


You had 7 spell levels left.
You didn't know any spells.

Dungeon Overview and Level Annotations

Branches:
Dungeon (5/15)
 Temple: D:4-7

Altars:
Ashenzari
Cheibriados
Makhleb
Qazlal
Yredelemnul

Annotations:
D:4 herpmino's ghost, average DsGl


Innate Abilities, Weirdness & Mutations

You are under a permanent stasis effect.
You can dig through walls and to a lower floor.
Your four strong arms can wield two-handed weapons with a shield.
You have a pair of large antennae on your head (SInv).


Message History

The ice beast is lightly wounded.
The ice beast hits you. The ice beast freezes you!
You feel a terrible chill!
* * * LOW HITPOINT WARNING * * *
You are too injured to fight recklessly!
The ice beast hits you but does no damage.
Drink which item? (? for menu, Esc to quit)
You feel better. The ice beast closely misses you.
You are too injured to fight recklessly!
You are too injured to fight recklessly!
The rat barely misses you.
There is an escape hatch in the ceiling here.
The ice beast hits you but does no damage.
A mysterious force pulls you upwards. The hatch slams shut behind you.
Level annotation: herpmino's ghost, average DsGl Unknown command.
Use which ability? (? or * to list) Are you sure you want to shaft yourself?
You are feeling very hungry.
The ice beast hits you. The ice beast freezes you!!
You feel a terrible chill!
You die...

.##.#...'..............#....'.#..
..####.########'#####.###########
(.####.########.#####.###########
..........................#.#....
.................>........+.+..(.
####.####.##.##.#####+##'#..###.#
####.####'##.##'#####.#.......(..
......+..................###'###.
......#.....!...@(.......# #.# #.
###..###'######Y.###..##.###.###.
###..###..#####..###..##.###_..+.
............#............###.###.
............+............# #.# #.
............#............###'###(
###.####+####.##..##'##..........
###+####.####.##..##.##.####.....
..(.(..(.(........'...'..# #..###


You could see an ice beast.

Vanquished Creatures
  A yak (D:5)
  A sky beast (D:5)
  2 ogres (D:4)
  A giant frog (D:5)
  2 scorpions
  A crimson imp (D:5)
  3 orc priests
  A hound (D:4)
  An iguana (D:4)
  Natasha (D:2)
  An orc wizard (D:3)
  A worker ant zombie (D:4)
  3 adders
  5 oozes
  3 adder skeletons (D:4)
  A worm (D:2)
  18 orcs
  A bat zombie (D:5)
  8 hobgoblins
  2 quokkas
  5 ball pythons
  10 bats
  6 giant cockroaches
  6 giant geckos
  4 giant newts
  9 goblins
  6 jackals (D:4)
  10 kobolds
  A quokka skeleton (D:4)
  9 rats
123 creatures vanquished.

Notes
Turn   | Place    | Note
--------------------------------------------------------------
     0 | D:1      | pulse the Formicid Berserker began the quest for the Orb.
     0 | D:1      | Reached XP level 1. HP: 18/18 MP: 1/1
    28 | D:1      | Reached XP level 2. HP: 14/24 MP: 2/2
   566 | D:1      | Reached skill level 4 in Axes
   566 | D:1      | Reached XP level 3. HP: 29/29 MP: 3/3
   796 | D:1      | Acquired Trog's second power
  1216 | D:2      | Reached XP level 4. HP: 30/35 MP: 4/4
  1743 | D:2      | Noticed Natasha
  1751 | D:2      | Killed Natasha
  2246 | D:3      | Reached XP level 5. HP: 30/42 MP: 5/5
  2330 | D:3      | Found a snail-covered altar of Cheibriados.
  2333 | D:3      | Found a basalt altar of Yredelemnul.
  2336 | D:3      | Found a stormy altar of Qazlal.
  2504 | D:3      | Reached skill level 5 in Axes
  2673 | D:3      | Reached XP level 6. HP: 11/48 MP: 6/6
  3310 | D:4      | Noticed herpmino's ghost (average DsGl)
  3325 | D:4      | HP: 2/48 [herpmino's ghost (12)]
  3733 | D:4      | Reached skill level 6 in Axes
  3779 | D:4      | Reached XP level 7. HP: 15/55 MP: 7/7
  4974 | D:4      | Found a burning altar of Makhleb.
  5117 | D:4      | Found a shattered altar of Ashenzari.
  5143 | D:4      | Received a gift from Trog
  5387 | D:4      | HP: 1/55 [herpmino's ghost (8)]
  6048 | D:5      | Entered Level 5 of the Dungeon
  6074 | D:5      | Reached skill level 5 in Armour
  6201 | D:5      | Got an encrusted leather armour
  6315 | D:5      | Noticed a yak
  6335 | D:5      | Killed a yak
  6335 | D:5      | Reached skill level 5 in Fighting
  6335 | D:5      | Reached skill level 7 in Axes
  6335 | D:5      | Reached XP level 8. HP: 45/62 MP: 8/8
  6398 | D:5      | Acquired Trog's third power
  6440 | D:4      | Slain by an ice beast

Vault maps used:
D:1:      tarquinn_simple_flora_water_f
D:2:      mrwooster_statue_mirror, uniq_natasha
D:3:      grunt_temple_overflow_diamond
D:4:      lemuel_doored_altar, makhleb_blood_cavern_becter
D:5:      minmay_opposing_rooms, minitemple, lemuel_round_altar, first_bread

Action                   |  1- 3 |  4- 6 |  7- 9 || total
-------------------------+-------+-------+-------++-------
Melee: Hand axe          |    57 |    91 |   211 ||   359
       Short sword       |    36 |    23 |       ||    59
Invok: Burn Spellbooks   |       |       |     1 ||     1
 Abil: Shaft Self        |       |       |     1 ||     1
  Use: Scroll            |     2 |     2 |     2 ||     6
       Potion            |     1 |     1 |     1 ||     3
 Stab: Sleeping          |     1 |       |       ||     1
  Eat: Chunk             |     1 |     2 |     3 ||     6
       Royal jelly       |       |     1 |       ||     1
       Pizza             |       |     1 |       ||     1
       Meat ration       |       |     1 |       ||     1
       Beef jerky        |       |       |     2 ||     2
